 Dungeon Crawl Stone Soup version 0.24.1-4-ge52af88ad5 (webtiles) character file.

Game seed: 10129077138059625882, levelgen mode: deterministic

79 Heliosone the Digger (level 4, 24/24 HPs)
             Began as a Gargoyle Earth Elementalist on Apr 15, 2020.
             Quit the game on level 2 of the Dungeon on Apr 16, 2020.
             The game lasted 00:04:59 (1584 turns).

Heliosone the Digger (Gargoyle Earth Elementalist)  Turns: 1584, Time: 00:05:00

Health: 24/24      AC:  7    Str: 11    XL:     4   Next: 38%
Magic:  6/7        EV: 12    Int: 17    God:
Gold:   60         SH:  0    Dex: 10    Spells: 1/7 levels left

rFire    . . .     SeeInvis .   j - +1 short sword (freeze)
rCold    . . .     Gourm    .   (no shield)
rNeg     + . .     Faith    .   c - +0 robe
rPois    ∞         Spirit   .   o - +1 helmet
rElec    +         Reflect  .   (no cloak)
rCorr    .         Harm     .   (no gloves)
MR       .....                  (no boots)
Stlth    ++........             (no amulet)
HPRegen  0.08/turn              (no ring)
MPRegen  0.10/turn              (no ring)

@: no status effects
A: negative energy resistance 1, electricity resistance, unbreathing,
petrification resistance, rot immunity, AC +3
a: no special abilities


You were on level 2 of the Dungeon.
You were not hungry.

You visited 1 branch of the dungeon, and saw 2 of its levels.

You collected 60 gold pieces.

Inventory:

Hand Weapons
 h - a +0 mace
 j - a +1 short sword of freezing (weapon)
Missiles
 b - 77 stones (quivered)
Armour
 c - a +0 robe (worn)
 o - a +1 helmet (worn)
Jewellery
 a - an uncursed ring of protection from cold {unknown}
Scrolls
 e - 2 scrolls of teleportation {unknown}
 i - a scroll of enchant armour {unknown}
 k - 5 scrolls of identify {unknown}
 m - 3 scrolls of magic mapping {unknown}
Potions
 g - a potion of invisibility {unknown}
 l - a potion of might {unknown}
 n - a potion of degeneration {unknown}
Comestibles
 d - 2 rations
 f - 12 chunks of flesh


   Skills:
 - Level 1.5 Dodging
 - Level 2.1 Stealth
 - Level 2.0 Spellcasting
 + Level 2.8 Conjurations
 - Level 0.7 Transmutations
 - Level 5.1 Earth Magic


You had one spell level left.
You knew the following spells:

 Your Spells              Type           Power        Failure   Level  Hunger
a - Sandblast             Erth           ###...       2%          1    #......
b - Passwall              Tmut/Erth      ##......     9%          2    ###....
c - Stone Arrow           Conj/Erth      ###...       12%         3    ###....

Your spell library contained the following spells:

 Spells                   Type           Power        Failure   Level  Hunger
 Petrify                  Tmut/Erth      ##......     52%         4    #####..
 Lee's Rapid Deconstruct  Erth           ###.......   54%         5    ######.


Dungeon Overview and Level Annotations

Branches:
Dungeon (2/15)

Altars:


Innate Abilities, Weirdness & Mutations

You are resistant to torment.
Your stone body is resilient. (AC +3)
You are immune to poison.
You resist negative energy. (rN+)
You are resistant to electric shocks. (rElec)
You can survive without breathing.
You are immune to petrification.
You are immune to rotting.


Message History

Confirm with . or Enter, or press ? or * to list all spells.
You can't see any susceptible monsters within range! (Use Z to cast anyway.) Unknown command.
A hobgoblin comes into view. It is wielding a +0 club.
The kobold throws a stone.
The stone closely misses you.
Found 11 gold pieces.
Casting: Sandblast (safe; 2% risk of failure)
Confirm with . or Enter, or press ? or * to list all spells.
Aiming: Sandblast (safe; 2% risk of failure)
Press: ? - help, Shift-Dir - straight line, f - kobold
Aim: a kobold, wielding a +0 spear The blast of sand hits the kobold.
The kobold is severely wounded.
b - 77 stones The kobold throws a stone.
The stone barely misses you.
Welcome back, Heliosone the Gargoyle Earth Elementalist.
Press ? for a list of commands and other information.
Welcome back, Heliosone the Gargoyle Earth Elementalist.
Press ? for a list of commands and other information.
Are you sure you want to abandon this character and quit the game? (Confirm with "yes".)

# ########## .
#.#........##########(.
..'........'...........
.#.#.......(#####.......
...........('.......#
#...@.(..#####.#..###
....K..###### #.##g...
....... #.##..## .......
#.##..## .......
#....... .......
#..#.#.# ....$.g
#.÷#...g .......
#..#.... #..#.##.


You could see a hobgoblin and a kobold.

Vanquished Creatures
  Robin (D:2)
  2 adders (D:2)
  An ooze (D:1)
  A dart slug (D:1)
  A leopard gecko (D:1)
  4 giant cockroaches (D:1)
  13 goblins
  6 hobgoblins
  A bat (D:1)
  2 frilled lizards (D:1)
  4 kobolds
  5 rats
41 creatures vanquished.

Notes
Turn   | Place    | Note
-------+----------+-------------------------------------------
     0 | D:1      | Heliosone the Gargoyle Earth Elementalist began the quest
                  | for the Orb.
     0 | D:1      | Reached XP level 1. HP: 10/10 MP: 3/3
   125 | D:1      | Reached skill level 4 in Earth Magic
   192 | D:1      | Reached XP level 2. HP: 10/15 MP: 0/5
   825 | D:1      | Reached XP level 3. HP: 15/19 MP: 6/6
   828 | D:1      | Reached skill level 5 in Earth Magic
   859 | D:1      | Learned a level 2 spell: Passwall
   863 | D:1      | Learned a level 3 spell: Stone Arrow
  1224 | D:2      | Reached skill level 1 in Conjurations
  1349 | D:2      | Noticed Robin
  1368 | D:2      | Reached XP level 4. HP: 21/24 MP: 7/7
  1432 | D:2      | Killed Robin
  1584 | D:2      | Quit the game

Levels and vault maps discovered:
D:1:      lightli_arrival_windingriver, layout_basic, serial_co_window_serial,
          co_window_corner_a, co_window_paths_a, co_window_corner_a,
          co_window_paths_b, co_window_paths_a, co_window_cross_1,
          co_window_paths_a, co_window_cross_2, co_window_of_opportunity_b,
          co_window_unsneaky_path_e, glass_columns_c, glass_columns_a
D:2:      layout_basic, uniq_robin

Skill      XL: |  1  2  3 |
---------------+----------+-----
Earth Magic    | 4 5 |  5.1
Conjurations   | 2 |  2.8
Dodging        | |  1.5
Stealth        | |  2.1
Spellcasting   | |  2.0
Transmutations | |  0.7

Action                   |  1- 3 |  4- 6 || total
-------------------------+-------+-------++-------
Melee: Unarmed           |     7 |       ||     7
       Short sword       |    45 |     5 ||    50
       Mace              |    10 |       ||    10
 Cast: Sandblast         |    25 |     9 ||    34
 Stab: Sleeping          |     2 |       ||     2
  Eat: Chunk             |     2 |     1 ||     3
Armor: Robe              |    19 |     3 ||    22
Dodge: Dodged            |    39 |     9 ||    48
